 Dungeon Crawl Stone Soup version 0.26.0-45-g9c1d065592 (webtiles) character file.

Game seed: 14469773595411256693

51 kaeus the Stinger (level 3, -3/25 HPs)
             Began as an Octopode Venom Mage on Jan 30, 2021.
             Slain by an adder (5 damage)
             ... on level 2 of the Dungeon.
             The game lasted 00:01:20 (2118 turns).

kaeus the Stinger (Octopode Venom Mage)             Turns: 2118, Time: 00:01:20

Health: -3/25      AC:  1    Str:  9    XL:     3   Next: 81%
Magic:  6/6        EV: 13    Int: 18    God:
Gold:   76         SH:  0    Dex: 12    Spells: 2/6 levels left

rFire    . . .     SeeInvis .   e - +0 hand axe (vorpal)
rCold    . . .     Faith    .   (no shield)
rNeg     . . .     Spirit   .   (helmet restricted)
rPois    .         Reflect  .   (no amulet)
rElec    .         Harm     .   (no ring)
rCorr    .         Rampage  .   (no ring)
Will     .....     Rnd*Tele +   (no ring)
Stlth    +++.......             (no ring)
HPRegen  0.08/turn              (no ring)
MPRegen  0.10/turn              (no ring)
                                (no ring)
                                (no ring)

@: lethally poisoned (-3 -> -5)
A: almost no armour, stealthy swim, amphibious, 8 rings, constrict 8, camouflage
1, deterioration 1, robust 1, strong 1, teleportitis 1, gelatinous body 1
a: no special abilities


You were on level 2 of the Dungeon.
You visited 1 branch of the dungeon, and saw 3 of its levels.

You collected 76 gold pieces.

Inventory:

Hand Weapons
 e - a +0 vorpal hand axe (weapon)
Jewellery
 b - an uncursed ring of fire
Scrolls
 c - 3 scrolls of remove curse {unknown}
 d - a scroll of immolation {unknown}
 g - a scroll of fog {unknown}
 i - a scroll of amnesia {unknown}
 j - a scroll of teleportation {unknown}
Potions
 a - a potion of lignification {unknown}
 h - a potion of might {unknown}


   Skills:
 * Level 1.0 Fighting
 - Level 2.0 Dodging
 - Level 2.6 Stealth
 + Level 2.3 Spellcasting
 + Level 2.1 Transmutations
 + Level 4.3 Poison Magic


You had 2 spell levels left.
You knew the following spells:

 Your Spells              Type           Power        Failure   Level
a - Sting                 Tmut/Pois      52%          4%          1
b - Mephitic Cloud        Conj/Pois/Air  7%           28%         3

Your spell library contained the following spells:

 Spells                   Type           Power        Failure   Level
 Poisonous Vapours        Pois/Air       20%          11%         2
 Ignite Poison            Fire/Tmut/Pois 10%          22%         3
 Olgreb's Toxic Radiance  Pois           17%          28%         4


Dungeon Overview and Level Annotations

Branches:
Dungeon (3/15)

Altars:
Elyvilon


Innate Abilities, Weirdness & Mutations

You cannot wear most types of armour.
You are very stealthy in the water. (Stealth+)
You are amphibious.
You can wear up to eight rings at the same time.
You can use your tentacles to constrict eight enemies at once.
Your skin changes colour to match your surroundings (Stealth+).
Your rubbery body absorbs attacks. (AC +1, EV +1)
Your body sometimes deteriorates upon taking damage.
You are robust. (+10% HP)
Your muscles are strong. (Str +2)
You are occasionally teleported next to monsters.


Message History

You feel sick. The adder misses you. The adder barely misses you.
The adder completely misses you.
There are monsters nearby!
You take 1 damage, and have 11/23 hp.
You release your grip on the adder.
You feel sick. The adder misses you. The adder bites you.
* * * LOW HITPOINT WARNING * * *
You see here a leopard gecko corpse.
You take 5 damage, and have 6/23 hp.
MASSIVE DAMAGE!!
There is a stone staircase leading up here.
The adder looks more healthy.
The adder closely misses you. x2
You climb upwards.
There is a stone staircase leading down here.
It was a potion of mutation.
You feel extremely strange.
You feel robust.
You feel weirdly uncertain.
You feel yourself wasting away.
You feel stronger.
You feel sick. The adder bites you.
* * * LOW HITPOINT WARNING * * *
The adder bites you.
You die...

#########.....##......^...# #.
.........####.##.###....### #.
..........###.##.# #....# #.
####.####.....รท#.###....# #.
##.....##..#.#.#........# #.
#.......#.##.#..........# #.
#.......#.##.##.........########.
...._............S...............
#.......#.......@......#....#####
#.......#.......S...........#
##.....##....###............#
####.####....###.####.......#
............................#
..>...................[.....#
..###....................####
#.##..)......#.....#######
...................#


You could see 2 adders.

Vanquished Creatures
  An adder (D:2)
  An ooze (D:2)
  A worm (D:2)
  A leopard gecko (D:3)
  5 bats
  2 giant cockroaches (D:2)
  6 goblins
  4 hobgoblins (D:2)
  2 kobolds (D:2)
  A quokka (D:3)
  A ball python (D:2)
  2 frilled lizards
  7 rats
34 creatures vanquished.

Notes
Turn   | Place    | Note
-------+----------+-------------------------------------------
     0 | D:1      | kaeus the Octopode Venom Mage began the quest for the Orb.
     0 | D:1      | Reached XP level 1. HP: 11/11 MP: 3/3
   591 | D:1      | Reached XP level 2. HP: 17/17 MP: 0/5
   874 | D:2      | Reached skill level 4 in Poison Magic
   954 | D:2      | Found a white marble altar of Elyvilon.
  1261 | D:2      | Reached XP level 3. HP: 21/21 MP: 4/6
  1265 | D:2      | Learned a level 3 spell: Mephitic Cloud
  2102 | D:3      | Reached skill level 1 in Fighting
  2118 | D:2      | Gained mutation: You are robust. (+10% HP) [potion of
                  | mutation]
  2118 | D:2      | Gained mutation: You are occasionally teleported next to
                  | monsters. [potion of mutation]
  2118 | D:2      | Gained mutation: Your body sometimes deteriorates upon
                  | taking damage. [potion of mutation]
  2118 | D:2      | Gained mutation: Your muscles are strong. (Str +2) [potion
                  | of mutation]
  2118 | D:2      | Slain by an adder

Illustrated notes

Levels and vault maps discovered:
D:1:      lemuel_arrival_muddy, layout_basic
D:2:      layout_basic, old_standard_altar, grunt_ministairs_9,
          small_statue_intersection
D:3:      layout_loops_ring, old_standard_altar

Skill      XL: |  1  2  3 |
---------------+----------+-----
Poison Magic   | 4 |  4.3
Transmutations | 2 |  2.1
Fighting       | 1 |  1.0
Dodging        | |  2.0
Stealth        | |  2.6
Spellcasting   | |  2.3

Action                   || total
-------------------------++-------
Melee: Unarmed           ||     8
       Constrict         ||    10
       Tentacles         ||     7
       Hand axe          ||    36
 Cast: Sting             ||    37
  Use: Potion            ||     1
 Stab: Sleeping          ||     1
Armor: Skin              ||     4
Dodge: Dodged            ||    28
